 Dungeon Crawl Stone Soup version 0.29-a0-334-gb41bcbb86e (webtiles) character file.

Game seed: 11953073489481381672

2167 psuckher the Grappler (level 9, -11/77 (80) HPs)
             Began as a Troll Transmuter on Apr 14, 2022.
             Was a High Priest of Cheibriados.
             Mangled by a two-headed ogre
             ... wielding a +0 giant club
              (14 damage)
             ... on level 8 of the Dungeon.
             The game lasted 00:34:29 (6076 turns).

psuckher the Grappler (Troll Transmuter)            Turns: 6076, Time: 00:34:30

HP:   -11/77 (80)   AC:  5    Str: 41    XL:     9   Next: 10%
MP:   0/10          EV: 13    Int: 20    God:    Cheibriados [*****.]
Gold: 232           SH:  0    Dex: 27    Spells: 8/11 levels left

rFire   . . .      SeeInvis .     - Unarmed
rCold   . . .      Faith    .   (no shield)
rNeg    . . .      Spirit   +   a - +0 robe
rPois   .          Reflect  .   (helmet restricted)
rElec   .          Harm     .   H - +0 cloak
rCorr   .          Rampage  .   (gloves unavailable)
Will    .....                   (boots unavailable)
Stlth   +++.......              y - amulet of guardian spirit
HPRegen 1.02/turn               m - +6 ring of dexterity
MPRegen 0.12/turn               A - +6 ring of strength

@: lightly drained, very slow
A: large, unfitting armour, claws 3, regeneration 1, shaggy fur 1, tough skin 1
a: Renounce Religion, Bend Time, Temporal Distortion, Slouch, Step From Time


You were on level 8 of the Dungeon.
You worshipped Cheibriados.
Cheibriados was extremely pleased with you.
You visited 2 branches of the dungeon, and saw 9 of its levels.

You collected 284 gold pieces.
You spent 52 gold pieces at shops.

Inventory:

Hand Weapons
 j - a +0 mace
 s - a +1 antimagic whip
 w - a +3 hunting sling of freezing
 x - a +1 dagger of venom
 D - a +2 dire flail of protection
Armour
 a - a +0 robe (worn)
 r - a +0 helmet
 H - a +0 cloak (worn)
 J - a +0 leather armour
Magical Staves
 z - a staff of conjuration
Jewellery
 m - a +6 ring of dexterity (left claw)
 y - an amulet of guardian spirit (around neck)
 A - a +6 ring of strength (right claw)
 E - an amulet of faith
Wands
 I - a wand of iceblast (9)
Scrolls
 d - 4 scrolls of noise
 h - 2 scrolls of blinking {unknown}
 i - 2 scrolls of vulnerability {unknown}
 l - 4 scrolls of magic mapping {unknown}
 o - a scroll of torment {unknown}
 p - 2 scrolls of fog {unknown}
 q - 3 scrolls of acquirement {unknown}
 B - a scroll of teleportation {unknown}
 C - 2 scrolls of enchant weapon {unknown}
 G - a scroll of enchant armour {unknown}
Potions
 b - a potion of lignification
 c - 3 potions of attraction
 e - 2 potions of degeneration
 f - 3 potions of curing
 g - a potion of resistance
 k - a potion of mutation
 n - a potion of heal wounds
 t - 4 potions of brilliance
 u - a potion of might
 v - a potion of haste
 F - 2 potions of cancellation
 K - a potion of magic {unknown}


   Skills:
 + Level 2.7 Fighting
 + Level 4.4 Dodging
 + Level 2.8 Stealth
 + Level 9.0 Unarmed Combat
 + Level 1.9 Spellcasting
 + Level 2.4 Transmutations


You had 8 spell levels left.
You knew the following spells:

 Your Spells              Type           Power      Damage    Failure   Level
a - Beastly Appendage     Tmut           22%        N/A       6%          1
b - Wereblood             Tmut           11%        N/A       9%          2

Your spell library contained the following spells:

 Spells                   Type           Power      Damage    Failure   Level
 Summon Small Mammal      Summ           4%         N/A       16%         1
 Spider Form              Tmut/Pois      6%         N/A       28%         3
 Call Canine Familiar     Summ           1%         N/A       43%         3
 Gell's Gravitas          Tloc           1%         N/A       43%         3
 Lesser Beckoning         Tloc           1%         N/A       43%         3
 Portal Projectile        Hex/Tloc       2%         N/A       43%         3
 Teleport Other           Tloc           1%         N/A       43%         3
 Ice Form                 Ice/Tmut       6%         N/A       67%         4
 Leda's Liquefaction      Hex/Erth       0%         N/A       85%         4


Dungeon Overview and Level Annotations

Branches:
Dungeon (8/15)             Temple (1/1) D:6
   Lair: D:8-11

Altars:
Ashenzari
Cheibriados
Dithmenos
Elyvilon
Fedhas
Gozag
Hepliaklqana
Kikubaaqudgha
Makhleb
Nemelex Xobeh
Okawaru
Qazlal
Ru
Sif Muna
Trog
Uskayaw
Vehumet
Wu Jian
Xom
Yredelemnul
Zin
The Shining One

Shops:
D:4 ?   D:6 *


Innate Abilities, Weirdness & Mutations

You are too large for most types of armour.
You have claws for hands.
Your natural rate of healing is unusually fast.
You are covered in fur. (AC +1)
You have tough skin. (AC +1)


Message History

The wight misses you.
A two-headed ogre comes into view. It is wielding two +0 giant clubs.
The orc wizard gestures wildly while chanting.
The orc wizard flickers and vanishes!
Deactivating autopickup; reactivate with Ctrl-A.
The wight completely misses you.
A sky beast comes into view.
You hear an angry buzzing noise.
The wight attacks as you move away! The wight hits you with a +5 flail.
You feel drained. The wight misses you. The wight attacks as you move away!
The wight hits you with a +5 flail. x2
You feel drained.
The two-headed ogre hits you with a +0 giant club!
The two-headed ogre hits you with a +0 giant club.
The wight attacks as you move away! The wight hits you with a +5 flail.
A killer bee comes into view.
The two-headed ogre hits you with a +0 giant club!!
* * * LOW HITPOINT WARNING * * *
The two-headed ogre closely misses you.
You feel much better. The wight closely misses you.
The two-headed ogre attacks as you move away!
The two-headed ogre misses you. The two-headed ogre closely misses you.
Something hits you but does no damage. The killer bee stings you.
Something hits you. The killer bee closely misses you. Something hits you.
The killer bee barely misses you. The killer bee stings you.
The killer bee stings you but does no damage.
The sky beast flickers out of sight!
The two-headed ogre hits you with a +0 giant club.
The two-headed ogre closely misses you. The killer bee completely misses you.
The killer bee stings you but does no damage.
The killer bee barely misses you.
You claw the two-headed ogre!
The two-headed ogre is moderately wounded.
You claw the two-headed ogre!
The two-headed ogre is heavily wounded.
The two-headed ogre hits you with a +0 giant club!!
* * * LOW HITPOINT WARNING * * *
The two-headed ogre hits you with a +0 giant club!
You die...

#.##.##.##.)..
#.#.#...#.#..##
#.#.#.........#
#.#........#
#.#.....<..#
#.#<.......#
#.#........#
#.##{......#
#.@Oyo####...$#
####{...# #..##
#....# #...
#....# .....
#..### o...
#..# ... #..#
... #..o


You could see a two-headed ogre, a killer bee and an orc.

Vanquished Creatures
  A wyvern (D:7)
  Eustachio (D:5)
  Edmund (D:5)
  2 orc warriors
  2 black bears
  2 ice beasts
  2 centaurs
  3 phantoms
  A kobold brigand (D:7)
  2 jellies (D:7)
  2 hounds
  4 orc priests
  4 iguanas
  6 orc wizards
  4 gnolls
  6 adders
  A shadow imp (D:4)
  3 white imps (D:5)
  2 ufetubi
  4 worms
  30 orcs
  5 ball pythons
  4 endoplasms
  3 giant cockroaches
  9 goblins
  6 hobgoblins
  4 quokkas
  3 bats
  3 frilled lizards
  12 kobolds
  5 rats
137 creatures vanquished.

Vanquished Creatures (others)
  3 plants (D:7)
3 creatures vanquished.

Grand Total: 140 creatures vanquished

Notes
Turn   | Place    | Note
-------+----------+-------------------------------------------
     0 | D:1      | psuckher the Troll Transmuter began the quest for the Orb.
     0 | D:1      | Reached XP level 1. HP: 18/18 MP: 1/1
   366 | D:1      | Reached XP level 2. HP: 26/26 MP: 2/2
   812 | D:2      | Reached skill level 1 in Fighting
   873 | D:2      | Reached XP level 3. HP: 33/33 MP: 3/3
   938 | D:2      | Found a faded altar of an unknown god.
   957 | D:2      | Got Plato's Catalogue of Calling
  1012 | D:2      | Prayed at the altar of an unknown god.
  1012 | D:2      | Became a worshipper of Cheibriados the Contemplative
  1012 | D:2      | Reached * piety under Cheibriados
  1767 | D:3      | Reached skill level 4 in Unarmed Combat
  1788 | D:3      | Reached ** piety under Cheibriados
  1817 | D:3      | Reached XP level 4. HP: 41/41 MP: 5/5
  2291 | D:4      | Reached skill level 1 in Stealth
  2681 | D:4      | Found Ucokh's Magic Scroll Shop.
  2696 | D:4      | Reached XP level 5. HP: 48/48 MP: 6/6
  2704 | D:4      | Bought a scroll of identify for 26 gold pieces
  2704 | D:4      | Bought a scroll of identify for 26 gold pieces
  2883 | D:4      | Noticed a black bear
  2893 | D:4      | Killed a black bear
  2894 | D:4      | Reached XP level 6. HP: 55/55 MP: 5/7
  2941 | D:4      | Reached skill level 5 in Unarmed Combat
  3113 | D:4      | Noticed an orc warrior
  3123 | D:4      | Killed an orc warrior
  3123 | D:4      | Reached *** piety under Cheibriados
  3297 | D:5      | Entered Level 5 of the Dungeon
  3573 | D:5      | Noticed Edmund
  3585 | D:5      | Killed Edmund
  3586 | D:5      | Reached skill level 6 in Unarmed Combat
  3586 | D:5      | Reached XP level 7. HP: 28/63 MP: 6/8
  3666 | D:5      | Found an opulent altar of Gozag.
  3666 | D:5      | Found a shimmering blue altar of Sif Muna.
  3943 | D:5      | Noticed Eustachio
  3968 | D:5      | Killed Eustachio
  3969 | D:5      | Reached skill level 7 in Unarmed Combat
  3969 | D:5      | Reached XP level 8. HP: 62/72 MP: 9/9
  4322 | D:6      | Reached **** piety under Cheibriados
  4430 | D:6      | Found a staircase to the Ecumenical Temple.
  4446 | Temple   | Entered the Ecumenical Temple
  4718 | D:6      | Learned a level 2 spell: Wereblood
  4806 | D:6      | Found Kougan's Neck Hole.
  5136 | D:6      | Reached skill level 8 in Unarmed Combat
  5722 | D:7      | Reached XP level 9. HP: 72/80 MP: 8/10
  5733 | D:7      | Reached ***** piety under Cheibriados
  5755 | D:7      | Found a glowing silver altar of Zin.
  5949 | D:7      | Reached skill level 9 in Unarmed Combat
  6066 | D:8      | Noticed a two-headed ogre
  6076 | D:8      | HP: 3/77 [two-headed ogre/+0 giant club (26)]
  6076 | D:8      | Mangled by a two-headed ogre

Illustrated notes

Levels and vault maps discovered:
D:1:      wander_arrival_desolate, layout_loops_ring
D:2:      layout_basic, shapermc_ecumenical_altar_rom_forum,
          minmay_misc_feat_columns, dk_noncrumbling_3, minivault_23,
          minivault_27
D:3:      layout_loops_ring
D:4:      layout_basic, serial_shops, shop_scrolls,
          hangedman_decor_clover_reticule, grunt_decor_arrowhead,
          minmay_goblin_outpost
D:5:      nicolae_cairo_tiling_very_big, layout_loops_ring,
          mainiacjoe_overflow_divided_tiny, uniq_eustachio, uniq_edmund
D:6:      layout_loops_corners, minmay_temple_entry_junction,
          corexii_leaking_fountain, nicolae_shop_sticking_my_neck_out
D:7:      layout_rooms, lemuel_doored_altar, serial_bayou_pond_d
D:8:      layout_basic, enter_bailey_4, minmay_circle_x, uniq_maurice
Temple:   regret_index_temple_mists

Skill      XL: |  1  2  3  4  5  6  7  8  9 |
---------------+----------------------------+-----
Fighting       | 1 2 |  2.7
Unarmed Combat | 4 6 7 8 9 |  9.0
Dodging        | 2 3 4 |  4.4
Stealth        | 1 2 |  2.8
Transmutations | 2 |  2.4
Spellcasting   | |  1.9

Action                   |  1- 3 |  4- 6 |  7- 9 || total
-------------------------+-------+-------+-------++-------
Melee: Unarmed           |   103 |   111 |   145 ||   359
       Punch             |     1 |     2 |     6 ||     9
       Kick              |       |     4 |     3 ||     7
       Headbutt          |       |     2 |       ||     2
 Cast: Beastly Appendage |     2 |     6 |     3 ||    11
  Use: Potion            |     1 |     1 |     3 ||     5
       Scroll            |       |     8 |     2 ||    10
 Stab: Sleeping          |     1 |     4 |     4 ||     9
Armor: Robe              |    28 |    40 |    35 ||   103
Dodge: Dodged            |    51 |   105 |    91 ||   247

Table legend: (Time is in decaauts)
 A = Elapsed time spent in this place.
 B = Non-inter-level travel time spent in this place.
 C = Inter-level travel time spent in this place.
 D = Time resting spent in this place.
 E = Time spent auto-exploring this place.
 F = Levels seen in this place.
 G = Mean time per level.
                   A        B        C        D        E       F      G
               +--------+--------+--------+--------+--------+-----+--------+
         Total |   8818 |   8160 |    658 |      0 |   2844 |   9 |  979.8 |
       Dungeon |   8338 |   7680 |    658 |      0 |   2580 |   8 | 1042.2 |
        Temple |    479 |    479 |      0 |      0 |    264 |   1 |  479.0 |
               +--------+--------+--------+--------+--------+-----+--------+

Top non-repeatable levels by time:
     D:4: 1522 daAuts
     D:6: 1477 daAuts
     D:5: 1441 daAuts
     D:7: 1141 daAuts
     D:3: 1098 daAuts
     D:2: 837 daAuts
     D:1: 788 daAuts
  Temple: 479 daAuts
     D:8: 30 daAuts
